 Dungeon Crawl Stone Soup version 0.28-a0-1447-ga5a8893891 (webtiles) character file.

Game seed: 5126878025517177935

112 HallandMoats the Skirmisher (level 4, 0/40 HPs)
             Began as a Ghoul Fighter on Jan 12, 2022.
             Was a Follower of Makhleb.
             Slain by a centaur zombie (2 damage)
             ... in an ossuary.
             The game lasted 00:03:14 (2644 turns).

HallandMoats the Skirmisher (Ghoul Fighter)         Turns: 2644, Time: 00:03:14

Health: 0/40       AC:  6    Str: 17 (19) XL:     4   Next: 95%
Magic:  3/3        EV:  9    Int:  4 (5)  God:    Makhleb [*.....]
Gold:   117        SH:  4    Dex:  8      Spells: 3/3 levels left

rFire   . . .      SeeInvis .   a - +0 long sword
rCold   + . .      Faith    .   c - +0 buckler
rNeg    + + +      Spirit   .   e - +0 scale mail
rPois   ∞          Reflect  .   (no helmet)
rElec   .          Harm     .   (no cloak)
rCorr   .          Rampage  .   (no gloves)
Will    .....                   (no boots)
Stlth   ..........              (no amulet)
HPRegen 0.00/turn               (no ring)
MPRegen 0.08/turn               (no ring)

@: marked, inhibited regen
A: claws 1, cold resistance 1, negative energy resistance 3, inhibited
regeneration, torment resistance 2
a: Renounce Religion


You were in an ossuary.
You worshipped Makhleb.
Makhleb was aware of your devotion.
You visited 1 branch of the dungeon, and saw 4 of its levels.
You also visited: Ossuary.

You collected 117 gold pieces.

Inventory:

Hand Weapons
 a - a +0 long sword (weapon)
 b - a +1 dagger of venom
Missiles
 m - a throwing net (quivered)
Armour
 c - a +0 buckler (worn)
 e - a +0 scale mail (worn)
 o - a scarf of invisibility
Jewellery
 h - an amulet of faith
Scrolls
 i - a scroll of enchant weapon
 l - a scroll of identify
Potions
 d - a potion of might
 k - a potion of mutation


   Skills:
 * Level 4.2 Fighting
 * Level 2.8 Long Blades
 + Level 3.1 Armour
 + Level 1.1 Dodging
 + Level 3.0 Shields


You had 3 spell levels left.
You didn't know any spells.
Your spell library contained the following spells:

 Spells                   Type           Power      Damage    Failure   Level
 Sandblast                Erth           0%         2d4       94%         1
 Ensorcelled Hibernation  Hex/Ice        0%         N/A       98%         2
 Passwall                 Tmut/Erth      0%         N/A       98%         2
 Stone Arrow              Conj/Erth      0%         3d7       100%        3
 Swiftness                Air            0%         N/A       100%        3


Dungeon Overview and Level Annotations

Branches:
Dungeon (4/15)            Ossuary (1/1)
 Temple: D:4-7

Altars:
Elyvilon
Makhleb
Ru


Innate Abilities, Weirdness & Mutations

You thrive by killing the living.
You are immune to poison.
You have sharp fingernails.
Your flesh is cold resistant. (rC+)
You are immune to negative energy. (rN+++)
You do not regenerate when monsters are visible.
You are immune to unholy pain and torment.


Message History

The centaur zombie closely misses you.
The centaur zombie kicks you but does no damage.
As you read the scroll labelled EJOZXUORGHA, it crumbles to dust.
It is a scroll of identify.
i - a scroll of enchant weapon The centaur zombie hits you but does no damage.
The centaur zombie kicks you but does no damage.
The centaur zombie hits you but does no damage.
The centaur zombie kicks you but does no damage.
The centaur zombie hits you but does no damage.
The centaur zombie kicks you but does no damage.
You block the centaur zombie's attack.
The centaur zombie kicks you but does no damage.
As you read the scroll labelled GUZXOP MECUES, it crumbles to dust.
Wisps of shadow whirl around you...
It was a scroll of summoning.
The centaur zombie closely misses you.
The centaur zombie kicks you but does no damage.
The centaur zombie hits you.
* * * LOW HITPOINT WARNING * * *
You block the centaur zombie's attack.
The centaur zombie hits you but does no damage.
You block the centaur zombie's attack.
The centaur zombie fails to trigger a net trap.
The centaur zombie hits you but does no damage.
The centaur zombie barely misses you. What are your orders? t - Shout!
Orders for allies: a - Attack new target. r - Retreat! s - Stop attacking. g - Guard the area. f - Follow me.
Anything else - Cancel.
Gang up on whom?
Press: ? - help, Dir - move target, f - centaur zombie
Aim: a centaur zombie Attack!
The centaur zombie closely misses you.
The centaur zombie kicks you but does no damage.
The centaur zombie hits you.
* * * LOW HITPOINT WARNING * * *
The centaur zombie kicks you.
You die...

############### ####
######.#.#.#.#.#.#.##????
.....Z.......^.....^^....
......^....Z^..^....M....
∩.∩...^.^.....M..........
....^^Z^^...^..ZZZZ.^....
§........^....^ZZZZ.^....
######.#.#.#.#.#@#.##!!?M
############### ###


You could see 2 mummies, 5 centaur zombies, a friendly sky beast zombie
(summoned), a friendly gnoll shaman zombie (summoned) and 2 friendly orc
zombies.

Vanquished Creatures
  A bullfrog zombie (D:3)
  A mummy (Ossuary)
  3 adders
  5 ball pythons
  5 bats
  2 endoplasms (D:1)
  A giant cockroach (D:3)
  9 goblins
  2 hobgoblins
  5 frilled lizards
  A kobold (D:2)
  5 rats
40 creatures vanquished.

Notes
Turn   | Place    | Note
-------+----------+-------------------------------------------
     0 | D:1      | HallandMoats the Ghoul Fighter began the quest for the Orb.
     0 | D:1      | Reached XP level 1. HP: 19/19 MP: 0/0
   211 | D:1      | Reached XP level 2. HP: 26/26 MP: 1/1
   278 | D:1      | Found a faded altar of an unknown god.
   293 | D:1      | Prayed at the altar of an unknown god.
   293 | D:1      | Became a worshipper of Makhleb the Destroyer
   293 | D:1      | Reached * piety under Makhleb
   963 | D:2      | Reached XP level 3. HP: 33/33 MP: 2/2
  1804 | D:3      | Reached skill level 4 in Fighting
  1804 | D:3      | Reached XP level 4. HP: 11/40 MP: 3/3
  2068 | D:3      | Found a large runed translucent door.
  2069 | D:3      | Found a large runed translucent door.
  2187 | D:3      | Reached skill level 1 in Dodging
  2504 | D:3      | Found a sacrificial altar of Ru.
  2594 | D:4      | Found a sand-covered staircase.
  2618 | Ossuary  | Entered an ossuary
  2644 | Ossuary  | HP: 2/40 [centaur zombie (2)]
  2644 | Ossuary  | Slain by a centaur zombie

Illustrated notes

Levels and vault maps discovered:
D:1:      dpeg_arrival_circle_labyrinth_c, layout_loops_ring,
          shapermc_ecumenical_altar_venn, minmay_strange_pillars
D:2:      layout_loops_corners
D:3:      layout_loops_cross, jmf_multi_god_temple2
D:4:      layout_basic, nicolae_ossuary_entry_ruins, uniq_menkaure,
          uniq_eustachio
Ossuary:  ossuary_the_hunt_dpeg

Skill      XL: |  1  2  3  4 |
---------------+-------------+-----
Long Blades    | 2 |  2.8
Armour         | 3 |  3.1
Fighting       | 4 |  4.2
Dodging        | 1 |  1.1
Shields        | 3 |  3.0

Action                   |  1- 3 |  4- 6 || total
-------------------------+-------+-------++-------
Melee: Long sword        |    14 |    30 ||    44
       Dagger            |    88 |       ||    88
  Use: Potion            |       |     5 ||     5
       Scroll            |       |     2 ||     2
Armor: Scale mail        |    38 |    46 ||    84
Dodge: Dodged            |    47 |    25 ||    72
Block: Buckler           |    12 |    11 ||    23

Table legend: (Time is in decaauts)
 A = Elapsed time spent in this place.
 B = Non-inter-level travel time spent in this place.
 C = Inter-level travel time spent in this place.
 D = Time resting spent in this place.
 E = Time spent auto-exploring this place.
 F = Levels seen in this place.
 G = Mean time per level.
                   A        B        C        D        E       F      G
               +--------+--------+--------+--------+--------+-----+--------+
         Total |   2652 |   2522 |    130 |      0 |   2189 |   5 |  530.4 |
       Dungeon |   2626 |   2496 |    130 |      0 |   2189 |   4 |  656.5 |
       Ossuary |     25 |     25 |      0 |      0 |      0 |   1 |   25.0 |
               +--------+--------+--------+--------+--------+-----+--------+

Top non-repeatable levels by time:
     D:3: 948 daAuts
     D:1: 851 daAuts
     D:2: 781 daAuts
     D:4: 45 daAuts
 Ossuary: 25 daAuts
